 Dungeon Sprint DCSS version 0.29.1-13-g9f3cf754e1 (webtiles) character file.

Game seed: 15120635342085246802

25 theblackgale the Ruffian (level 2, -7/23 HPs)
             Began as a Draconian Transmuter on Jan 26, 2023.
             Mangled by an ogre
             ... wielding a +0 giant spiked club
              (26 damage)
             ... in the Dungeon (Sprint I: "Red Sonja").
             The game lasted 00:03:19 (264 turns).

theblackgale the Ruffian (Draconian Transmuter)      Turns: 264, Time: 00:03:20

Health: -7/23      AC:  4    Str: 12    XL:     2   Next: 82%
Magic:  5/5        EV: 12    Int: 13    God:
Gold:   0          SH:  0    Dex: 11    Spells: 5/6 levels left

rFire   . . .      SeeInvis .   a - +0 club
rCold   . . .      Faith    .   (no shield)
rNeg    . . .      Spirit   .   (body armour unavailable)
rPois   .          Reflect  .   (helmet restricted)
rElec   .          Harm     .   (no cloak)
rCorr   .          Rampage  .   (no gloves)
Will    .....      NoTele   +   (no boots)
Stlth   +.........              (no amulet)
HPRegen 0.07/turn               (no ring)
MPRegen 0.09/turn               (no ring)

@: no status effects
A: AC +4, unfitting armour, cold-blooded
a: no special abilities


You were in the Dungeon.
You visited 1 branch

Inventory:

Hand Weapons
 a - a +0 club (weapon)
Armour
 b - a +0 ring mail
Scrolls
 g - a scroll of blinking
Potions
 e - 2 potions of magic
 f - a potion of berserk rage


   Skills:
 + Level 1.5 Fighting
 + Level 2.5 Dodging
 + Level 5.1 Unarmed Combat
 + Level 2.9 Spellcasting
 + Level 2.7 Transmutations


You had 5 spell levels left.
You knew the following spells:

 Your Spells              Type           Power      Damage    Failure   Level
a - Beastly Appendage     Tmut           18%        N/A       8%          1

Your spell library contained the following spells:

 Spells                   Type           Power      Damage    Failure   Level
 Wereblood                Tmut           9%         N/A       12%         2
 Spider Form              Tmut/Pois      5%         N/A       36%         3
 Ice Form                 Ice/Tmut       5%         N/A       78%         4


Dungeon Overview and Level Annotations

Branches:
Dungeon (1/1)

Altars:


Innate Abilities, Weirdness & Mutations

Your plain brown scales are hard. (AC +4)
You cannot fit into any form of body armour.
You are cold-blooded and may be slowed by cold attacks.


Message History

Casting: Beastly Appendage (safe; 8% risk of failure)
Confirm with . or Enter, or press ? or * to list all spells.
You are stuck in your current form!
Casting: Beastly Appendage (safe; 8% risk of failure)
Confirm with . or Enter, or press ? or * to list all spells.
You are stuck in your current form!
Casting: Beastly Appendage (safe; 8% risk of failure)
Confirm with . or Enter, or press ? or * to list all spells.
You don't know that spell.
You are too injured to fight recklessly!
Your transformation is almost over.
Magic restored.
You feel less wooden.
Your extra speed is starting to run out.
You feel yourself slow down.
Key pressed, stopping explore.
Your magic is already full.
There is an open door, spattered with blood here.
Things that are here:
a +0 club; a +0 ring mail
a - a +0 club;
b - a +0 ring mail
a - a +0 club (weapon)
You can't wield armour.
You open the door.
An ogre comes into view. It is wielding a +0 giant spiked club.
The ogre shouts!
There is an open door, spattered with blood here.
The ogre closely misses you. The ogre barely misses you.
There is an open door, spattered with blood here.
There is an open door here.
You open the door. The ogre closely misses you.
Found 27 gold pieces.
Found 27 gold pieces.
There is an open door here.
You see here 27 gold pieces.
You see here 27 gold pieces.
The ogre hits you with a +0 giant spiked club!!
Ouch! That really hurt!
You die...

##########
#<.#..'..#
#..'..#..+
#..#####O#
#..# #$@#
#..# ####
#..# #⌠⌠#
####


You could see an ogre.

Vanquished Creatures
  Ijyb (D)
1 creature vanquished.

Notes
Turn   | Place    | Note
-------+----------+-------------------------------------------
     0 | D        | theblackgale the Draconian Transmuter began the quest for
                  | the Orb.
     0 | D        | Reached XP level 1. HP: 16/16 MP: 3/3
     1 | D        | Noticed Ijyb
    15 | D        | Paralysed by Ijyb for 3 turns
    32 | D        | Paralysed by Ijyb for 3 turns
    36 | D        | Killed Ijyb
    37 | D        | Reached skill level 5 in Unarmed Combat
    37 | D        | Reached XP level 2. HP: 6/23 MP: 3/5
   244 | D        | Noticed an ogre
   264 | D        | Mangled by an ogre

Illustrated notes

Levels and vault maps discovered:
D:        dungeon_sprint_1 [red_sonja_temple_1, red_sonja_temple_small_1]

Skill      XL: |  1 |
---------------+----+-----
Dodging        | 2 |  2.5
Unarmed Combat | 5 |  5.1
Fighting       | |  1.5
Spellcasting   | |  2.9
Transmutations | |  2.7

Action                   || total
-------------------------++-------
Melee: Unarmed           ||    25
       Tailslap          ||     2
       Kick              ||     1
 Cast: Beastly Appendage ||     1
  Use: Potion            ||     4
Armor: Skin              ||     2
Dodge: Dodged            ||    12
